 Dungeon Crawl Stone Soup version 0.19-a0-27-g415f530 (webtiles) character file.

78 M4edhros the Insei (level 4, -1/51 HPs)
             Began as a Vampire Monk on May 1, 2016.
             Slain by an orc
             ... wielding a +0 hand axe
              (5 damage)
             ... on level 4 of the Dungeon.
             The game lasted 00:01:53 (429 turns).

M4edhros the Insei (Vampire Monk)                    Turns: 429, Time: 00:01:54

Health: -1/51      AC: 22    Str: 10 (11) XL:     4   Next: 15%
Magic:  4/4        EV:  2    Int: 10 (12) God:
Gold:   19         SH:  3    Dex: 14 (16) Spells: 0 memorised, 3 levels left

rFire  . . .     SeeInvis +     i - +2 short sword (speed)
rCold  . . .     Gourm    .     (armour currently unavailable)
rNeg   + + +     Faith    .     l - +0 buckler
rPois  +         Spirit   .     (helmet currently unavailable)
rElec  .         Dismiss  .     (cloak currently unavailable)
rCorr  .         Reflect  .     (gloves currently unavailable)
SustAt .         Harm     .     (boots currently unavailable)
MR     .....     NoTele   +     (no amulet)
Stlth  +++.......               (no ring)
                                (no ring)

@: tree-form, regenerating quickly, not resistant to hostile enchantments,
fairly stealthy
A: (fangs 0), see invisible, (poison resistance), (unbreathing)
a: no special abilities


You were on level 4 of the Dungeon.
You were very full.
You were a tree.
You visited 1 branch of the dungeon, and saw 4 of its levels.

You collected 19 gold pieces.

Inventory:

Hand Weapons
 i - a +2 short sword of speed (weapon)
Armour
 a - a +0 robe
 e - a +0 scale mail (melded)
 h - a +0 cloak (melded)
 l - a +0 buckler (worn)
Wands
 g - a wand of digging (10/24)
Scrolls
 c - a scroll of identify {unknown}
Books
 k - a Necronomicon

   Spells                             Type                      Level
   a - Haunt                          Necromancy/Summoning         7
   b - Borgnjor's Revivification      Necromancy                   8
   c - Death's Door                   Charms/Necromancy            8
   d - Necromutation                  Transmutation/Necromancy     8


   Skills:
 - Level 2.6 Fighting
 - Level 3.2 Dodging
 - Level 3.0 Stealth
 + Level 6.3 Unarmed Combat


You had 3 spell levels left.
You didn't know any spells.

Dungeon Overview and Level Annotations

Branches:
Dungeon (4/15)
 Temple: D:4-7

Altars:


Innate Abilities, Weirdness & Mutations

Your natural rate of healing is unusually fast.
((You have razor-sharp teeth.))
You have supernaturally acute eyesight.
((You can survive without breathing.))
((Your system is resistant to poisons.))


Message History

The orc hits you but does no damage. The gnoll hits you but does no damage.
You hit the orc wizard but do no damage.
The orc wizard is almost dead.
The orc wizard hits you but does no damage.
The gnoll barely misses you.
The gnoll hits you from afar with a spear.
* * * LOW HITPOINT WARNING * * *
You block the orc's attack.
You hit the orc wizard.
The orc wizard is almost dead.
The orc wizard hits you but does no damage.
Unknown command.
You hit the orc wizard.
You kill the orc wizard!
Your Unarmed Combat skill increases to level 6!
You have reached level 4!
You feel your dexterity returning. The gnoll hits you but does no damage.
You block the gnoll's attack. The orc hits you with a hand axe.
You die...

.g... .....
....>. ....o.
......#
.......######
....g..g)♣..#
.......go)..#
............#
##...g......#
#..........#
#..........#
#..........#
#.....######
######


You could see 4 gnolls and an orc.

Vanquished Creatures
  An orc priest (D:4)
  An orc wizard (D:4)
  An adder (D:3)
  An adder skeleton (D:3)
  An orc (D:3)
  A giant cockroach (D:2)
  A goblin (D:3)
  A hobgoblin (D:3)
  A bat (D:2)
  A giant newt (D:3)
  2 kobolds (D:2)
  3 rats
15 creatures vanquished.

Notes
Turn   | Place    | Note
--------------------------------------------------------------
     0 | D:1      | M4edhros the Vampire Monk began the quest for the Orb.
     0 | D:1      | Reached XP level 1. HP: 17/17 MP: 1/1
   264 | D:3      | Reached XP level 2. HP: 23/23 MP: 2/2
   293 | D:3      | Reached skill level 5 in Unarmed Combat
   419 | D:4      | Reached XP level 3. HP: 6/28 MP: 3/3
   421 | D:4      | Gained mutation: Your system is resistant to poisons. [potion of beneficial mutation]
   429 | D:4      | Reached skill level 6 in Unarmed Combat
   429 | D:4      | Reached XP level 4. HP: 4/34 MP: 4/4
   429 | D:4      | Slain by an orc

Vault maps used:
D:1:      minmay_arrival_three_doors, minmay_misc_feat_pillars, corner_web_ring
D:2:      kennysheep_small_spiral
D:3:      grunt_temple_overflow_opulence
D:4:      kennysheep_slugbush, temple_pool_b, first_bread, serial_shops, shop,
          nemelex_deck, uniq_duvessa

Skill      XL: |  1  2  3 |
---------------+----------+-----
Unarmed Combat | 5 6 |  6.3
Fighting       | |  2.6
Dodging        | |  3.2
Stealth        | |  3.0

Action                   |  1- 3 |  4- 6 || total
-------------------------+-------+-------++-------
Melee: Unarmed           |    14 |       ||    14
       Short sword       |    43 |       ||    43
       Bite              |     3 |       ||     3
  Use: Potion            |    10 |       ||    10
 Stab: Distracted        |     1 |       ||     1
       Sleeping          |     1 |       ||     1
Armor: Scale mail        |    12 |       ||    12
       Skin              |    32 |     1 ||    33
Dodge: Dodged            |    21 |       ||    21
Block: Buckler           |     6 |     1 ||     7
